 Dungeon Crawl Stone Soup version 0.24-a0-462-ge24419a6ad (webtiles) character file.

Game seed: 17606612510899431968

37 Peloso the Shield-Bearer (level 3, -4/33 HPs)
             Began as a Minotaur Fighter on July 2, 2019.
             Shot with an arrow by a centaur (6 damage)
             ... on level 2 of the Dungeon.
             The game lasted 00:01:23 (511 turns).

Peloso the Shield-Bearer (Minotaur Fighter)          Turns: 511, Time: 00:01:24

Health: -4/33      AC:  7    Str: 20    XL:     3   Next: 21%
Magic:  2/2        EV:  7    Int:  5    God:
Gold:   64         SH:  9    Dex: 10    Spells: 2/2 levels left

rFire    . . .     SeeInvis .   a - +0 long sword
rCold    . . .     Gourm    .   c - +0 shield
rNeg     . . .     Faith    .   b - +0 scale mail
rPois    .         Spirit   .   (helmet restricted)
rElec    .         Reflect  .   (no cloak)
rCorr    .         Harm     .   (no gloves)
MR       .....                  (no boots)
Stlth    ..........             (no amulet)
HPRegen  0.11/turn              (no ring)
MPRegen  0.08/turn              (no ring)

@: no status effects
A: retaliatory headbutt, horns 2
a: no special abilities


You were on level 2 of the Dungeon.
You were not hungry.

You visited 1 branch of the dungeon, and saw 2 of its levels.

You collected 64 gold pieces.

Inventory:

Hand Weapons
 a - a +0 long sword (weapon)
Armour
 b - a +0 scale mail (worn)
 c - a +0 shield (worn)
Scrolls
 g - a scroll of identify {unknown}
Potions
 d - 2 potions of might
 e - a potion of heal wounds {unknown}
Comestibles
 f - 4 rations


   Skills:
 + Level 4.0 Fighting
 + Level 3.0 Long Blades
 + Level 4.1 Armour
 + Level 0.1 Dodging
 + Level 4.1 Shields


You had 2 spell levels left.
You didn't know any spells.
Your spell library was empty.

Dungeon Overview and Level Annotations

Branches:
Dungeon (1/15)

Altars:


Innate Abilities, Weirdness & Mutations

You reflexively headbutt those who attack you in melee.
You have a pair of horns on your head.


Message History

The arrow closely misses you.
Found a scroll labeled YCSUHEYNUY and a shield.
You see here an arrow.
You block the worm's attack.
The centaur shoots an arrow.
The arrow hits you!
Found a scratched gilded ring.
You see here an arrow.
You hit the worm. You headbutt the worm!
The worm is severely wounded.
The centaur shoots an arrow.
The arrow misses you. You block the worm's attack.
The centaur shoots an arrow.
The arrow hits you!
* * * LOW HITPOINT WARNING * * *
You hit the worm. You headbutt the worm.
The worm is severely wounded.
The centaur shoots an arrow.
You block the arrow. The worm bites you.
* * * LOW HITPOINT WARNING * * *
You barely miss the worm. You headbutt the worm.
The worm is almost dead.
The centaur shoots an arrow.
You block the arrow.
The centaur shoots an arrow.
The arrow hits you.
You die...

###.#.#######
#............
#............
#............
#............
#.#............
#......w..[....
#.....@.c.....
#=.#+#(################
#.%...............
##################


You could see a centaur and a worm.

Vanquished Creatures
  An adder (D:2)
  5 leopard geckos
  A bat (D:1)
  A giant cockroach (D:2)
  4 hobgoblins
  2 jackals (D:1)
  A frilled lizard (D:2)
  A goblin (D:1)
  4 kobolds (D:1)
  A rat (D:1)
21 creatures vanquished.

Notes
Turn   | Place    | Note
-------+----------+-------------------------------------------
     0 | D:1      | Peloso the Minotaur Fighter began the quest for the Orb.
     0 | D:1      | Reached XP level 1. HP: 19/19 MP: 0/0
    66 | D:1      | Reached XP level 2. HP: 27/27 MP: 1/1
   319 | D:1      | You fall into a shaft and drop 1 floor!
   412 | D:2      | Reached XP level 3. HP: 28/33 MP: 2/2
   507 | D:2      | Noticed a centaur
   511 | D:2      | Shot with an arrow by a centaur

Levels and vault maps discovered:
D:1:      grunt_arrival_lava_bath, layout_loops_corners, minmay_tetromino_i4
D:2:      layout_basic

Skill      XL: |  1  2  3 |
---------------+----------+-----
Shields        | 4 |  4.1
Fighting       | 4 |  4.0
Armour         | 4 |  4.1
Long Blades    | 3 |  3.0
Dodging        | |  0.1

Action                   || total
-------------------------++-------
Melee: Long sword        ||    77
       Headbutt          ||    12
Armor: Scale mail        ||    32
Dodge: Dodged            ||    27
Block: Shield            ||    44
       Rpst.: Long sword ||     9

Table legend:
 A = Non-vault XP
 B = Vault XP
 C = Vault XP percentage of total XP
 D = Non-vault monster count
 E = Vault monster count
 F = Vault count percentage of total count
                 A         B        C        D         E       F
            +---------+---------+-------+---------+---------+-------
      Total |      47 |       6 |  11.3 |      18 |       3 |  14.3
            +---------+---------+-------+---------+---------+-------
        D:1 |      24 |       6 |  20.0 |      12 |       3 |  20.0
        D:2 |      23 |       0 |   0.0 |       6 |       0 |   0.0
            +---------+---------+-------+---------+---------+-------
